Description

Copied from B2GM

VOD

https://youtu.be/XDSLv3b7Bko?t=5131

Replay - Vibe's D3 TvP max out build

Build Order

Get SALT Encoding   

  12  0:00  Probe  
  13  0:13  Probe  
  14  0:19  Pylon  
  14  0:25  Probe  
  15  0:37  Probe  
  15  0:39  Gateway  
  16  0:45  Assimilator  
  16  0:49  Probe (Chrono Boost)  
  17  0:59  Probe x2 (Chrono Boost)  
  19  1:16  Probe  
  20  1:24  Nexus  
  20  1:28  Probe  
  21  1:41  Probe  
  21  1:44  Cybernetics Core  
  22  1:49  Assimilator  
  22  1:51  Pylon  
  23  2:09  Pylon  
  23  2:17  Gateway, Stalker (Chrono Boost)  
  23  2:22  Warp Gate  
  26  2:33  Shield Battery  
  27  2:42  Sentry  
  31  2:56  Gateway  
  34  3:16  Stalker, Pylon  
  37  3:26  Stalker  
  43  3:38  Twilight Council  
  45  3:50  Stalker x2  
  51  4:11  Pylon  
  51  4:12  Blink (Chrono Boost)  
  53  4:23  Stalker  
  57  4:40  Stalker x2  
  63  4:51  Nexus  
  65  5:00  Assimilator x2  
  65  5:11  Stalker x2  
  77  5:38  Forge x2  
  77  5:41  Robotics Facility  
  81  6:07  Charge  
  89  6:14  Protoss Ground Weapons Level 1 (Chrono Boost), Protoss Ground Armor Level 1 (Chrono Boost)  
  92  6:30  Nexus  
  92  6:32  Observer  
  108  7:02  Immortal (Chrono Boost)  
  113  7:14  Gateway x3  
  115  7:21  Gateway  
  115  7:22  Templar Archives  
  116  7:25  Assimilator x2  
  118  7:30  Zealot x3  
  127  7:40  Immortal (Chrono Boost)  
  134  7:57  Assimilator x2  
  136  8:01  Zealot x3  
  142  8:22  Gateway x2  
  142  8:28  Gateway, High Templar x6  
  142  8:31  Immortal  
  142  8:32  Phoenix  
  154  8:34  Nexus  
  154  8:38  Archon x3  
  158  9:02  Immortal  
  158  9:06  Zealot x4  
  176  9:25  High Templar x4  
  176  9:30  Archon x3  
Spawning Tool Build Advisor. Get it on Overwolf

Go to:

Details

  • Created by: kerimovich
  • Published on: Aug 13, 2021
  • Modified on: Aug 13, 2021
  • Patch: 4.11.0
  • Difficulty: Easy
Show
View Real Time Build Order
Export as new Build Order

Comments (0)

There are no comments. Be the first!

Create an account to comment!